 Dungeon Sprint DCSS version 0.30.1-11-g7821555f0a (webtiles) character file.

Game seed: 696581561843929153

3962 Heoruswealwe the Severer (level 10, -9/104 HPs)
             Began as a Hill Orc Fighter on Dec 8, 2023.
             Was a High Priest of the Shining One.
             Killed from afar by a deep elf zephyrmancer (27 damage)
             ... with a bolt of lightning
             ... in the Dungeon (Sprint III: "The Ten Rune Challenge").
             The game lasted 00:13:51 (1586 turns).

Heoruswealwe the Severer (Hill Orc Fighter)         Turns: 1586, Time: 00:13:51

Health: -9/104     AC: 19    Str: 24    XL:     10   Next: 22%
Magic:  10/10      EV:  7    Int:  8    God:    the Shining One [*****.]
Gold:   1857       SH:  7    Dex: 10    Spells: 9/9 levels left

rFire   . . .        a - +0 war axe
rCold   . . .        d - +0 buckler
rNeg    + + .        c - +0 plate armour
rPois   .            (no helmet)
rElec   .            h - +0 cloak
rCorr   .            f - +0 pair of gloves
SInv    .            (no boots)
Will    .....        (no amulet) Stlth
                     (no ring)
HPRegen 0.37/turn    (no ring)
MPRegen 0.12/turn

%: no teleportation
@: glowing
A: no striking features
a: Renounce Religion, Divine Shield, Cleansing Flame, Summon Divine Warrior


You were in the Dungeon.
You worshipped the Shining One.
The Shining One was extremely pleased with you.
You visited 1 branch You collected 2153 gold pieces.
You spent 296 gold pieces at shops.

Inventory:

Hand Weapons
 a - a +0 war axe (weapon)
Armour
 c - a +0 plate armour (worn)
 d - a +0 buckler (worn)
 f - a +0 pair of gloves (worn)
 h - a +0 cloak (worn)
Wands
 k - a wand of roots (8)
Scrolls
 b - a scroll of enchant weapon
 g - a scroll of identify
 j - 2 scrolls of blinking
Potions
 e - a potion of curing
 m - 4 potions of mutation
Miscellaneous
 q - a box of beasts


   Skills:
 + Level 14.4 Fighting
 + Level 15.4 Axes
 + Level 13.3 Armour
 + Level 13.3 Shields


You had 9 spell levels left.
You didn't know any spells.
Your spell library contained the following spells:

 Spells                   Type           Power      Damage    Failure   Level
 Portal Projectile        Hex/Tloc       0%         N/A       100%        3
 Tukima's Dance           Hex            0%         N/A       100%        3
 Blade Hands              Tmut           0%         N/A       100%        5


Dungeon Overview and Level Annotations

Branches:
Dungeon (1/1)

Altars:
Cheibriados
Dithmenos
Elyvilon
Fedhas
Gozag
Hepliaklqana
Kikubaaqudgha
Makhleb
Nemelex Xobeh
Okawaru
Qazlal
Ru
Sif Muna
Trog
Uskayaw
Vehumet
Wu Jian
Xom
Yredelemnul
Zin
The Shining One
Beogh
Jiyva
Lugonu

Shops:
D ?


Message History

The deep elf knight hits you but does no damage.
The deep elf knight closely misses you.
You slash the deep elf knight!
You kill the deep elf knight!
The deep elf knight unwields a +0 long sword.
The deep elf knight wields a +0 shortbow.
The deep elf knight shoots an arrow.
The arrow hits you!
The deep elf zephyrmancer gestures wildly while chanting.
The deep elf zephyrmancer blinks!
Your Fighting skill increases to level 14!
Your Axes skill increases to level 15!
You have reached level 10!
You feel stronger.
Okay, then.
The deep elf knight mumbles some strange words.
The deep elf knight flickers and vanishes for a moment.
You see here a +0 long sword.
You hit the deep elf knight.
The deep elf knight is lightly wounded.
You slash the deep elf knight!
The deep elf knight is heavily wounded.
The deep elf knight unwields a +0 shortbow.
The deep elf knight wields a +0 long sword.
The deep elf knight hits you with a +0 long sword!
You slash the deep elf knight!
The deep elf knight is severely wounded.
The deep elf knight hits you but does no damage.
You slash the deep elf knight!
You kill the deep elf knight!
Your Armour skill increases to level 13!
Your Shields skill increases to level 13!
You slash the deep elf zephyrmancer!
The deep elf zephyrmancer is heavily wounded.
The deep elf knight mumbles some strange words.
The deep elf knight seems to speed up.
The deep elf zephyrmancer gestures at you while chanting.
The bolt of lightning hits you!!
* * * LOW HITPOINT WARNING * * *
The bolt of lightning hits you!!
You die...

▓▓▓▓▓▓▓▓▓
########.#.#.#.#######***********
_#__#.∩.#.###..'.#...#*,,,,+,,,,,
.#[_#.........##.#...##≈~~~**,,**
##'##?.........#@#...≈≈≈,,,,,,,,*
....#........###e#e..##≈~~~**,,**
....#.#.#......#e'...#*,,,,+,,,,,
###'#)###..##.########***********
#...#'#########******************
#...#[)~~~+,*,+,,,+,*,*,*,+,,,~~*
#...#)#~~~#,*,*,,,**,*,*,**,,,~~*
#..[))#.§.#,*,*,,,*,*,*,*,*,,,~~~
'...#.#..§#,,,*,,,**,*,*,**,,,~~~


You could see a deep elf knight (fast) and 2 deep elf zephyrmancers.

Vanquished Creatures
  Erica (D)
  2 deep elf knights (D)
  An orc knight (D)
  A deep elf pyromancer (D)
  An orc sorcerer (D)
  A shadow (D)
  A spatial vortex (D)
  2 orc warriors (D)
  A necrophage (D)
  A water elemental (D)
  A jelly (D)
  An orc priest (D)
  Crazy Yiuf (D)
  Jessica (D)
  A wizard (D)
  An orc wizard (D)
  A necromancer (D)
  A kobold demonologist (D)
  3 humans (D)
  11 orcs (D)
  An endoplasm (D)
  A hobgoblin (D)
  A rat (D)
37 creatures vanquished.

Notes
Turn   | Place    | Note
-------+----------+-------------------------------------------
     0 | D        | Heoruswealwe the Hill Orc Fighter began the quest for the
                  | Orb.
     0 | D        | Reached XP level 1. HP: 19/19 MP: 1/1
     7 | D        | Reached skill level 3 in Axes
    22 | D        | Noticed Jessica
    29 | D        | Killed Jessica
    30 | D        | Reached skill level 5 in Fighting
    30 | D        | Reached skill level 4 in Axes
    30 | D        | Reached XP level 2. HP: 16/29 MP: 2/2
    30 | D        | Reached XP level 3. HP: 20/36 MP: 3/3
    98 | D        | Noticed Crazy Yiuf
   104 | D        | Killed Crazy Yiuf
   105 | D        | Reached skill level 5 in Axes
   105 | D        | Reached skill level 5 in Armour
   105 | D        | Reached skill level 5 in Shields
   183 | D        | Reached XP level 4. HP: 24/44 MP: 4/4
   278 | D        | Noticed a water elemental
   283 | D        | Killed a water elemental
   284 | D        | Reached skill level 6 in Axes
   284 | D        | Reached XP level 5. HP: 51/51 MP: 5/5
   317 | D        | Found a radiant altar of Vehumet.
   317 | D        | Found a shimmering blue altar of Sif Muna.
   317 | D        | Found an ancient bone altar of Kikubaaqudgha.
   322 | D        | Reached skill level 7 in Axes
   343 | D        | Noticed a shadow
   348 | D        | Reached skill level 8 in Axes
   353 | D        | Killed a shadow
   354 | D        | Reached skill level 9 in Axes
   354 | D        | Reached XP level 6. HP: 12/62 MP: 6/6
   523 | D        | Found a blossoming altar of Fedhas.
   523 | D        | Found a stormy altar of Qazlal.
   523 | D        | Found a snail-covered altar of Cheibriados.
   523 | D        | Found a burning altar of Makhleb.
   523 | D        | Found a shimmering altar of Xom.
   523 | D        | Noticed a spatial vortex
   524 | D        | Found a hazy altar of Hepliaklqana.
   524 | D        | Found an opulent altar of Gozag.
   524 | D        | Found a sparkling altar of Nemelex Xobeh.
   524 | D        | Found a corrupted altar of Lugonu.
   524 | D        | Found a viscous altar of Jiyva.
   532 | D        | Killed a spatial vortex
   533 | D        | Reached XP level 7. HP: 56/70 MP: 7/7
   604 | D        | Found a glowing silver altar of Zin.
   604 | D        | Found a glowing golden altar of the Shining One.
   604 | D        | Found a white marble altar of Elyvilon.
   605 | D        | Noticed a deep elf pyromancer
   615 | D        | Killed a deep elf pyromancer
   616 | D        | Reached skill level 10 in Fighting
   616 | D        | Reached skill level 11 in Axes
   616 | D        | Reached XP level 8. HP: 54/81 MP: 8/8
   620 | D        | Became a worshipper of the Shining One
   698 | D        | Found a hide-covered altar of Uskayaw.
   698 | D        | Found a roughly hewn altar of Beogh.
   698 | D        | Found an iron altar of Okawaru.
   698 | D        | Found a bloodstained altar of Trog.
   698 | D        | Found an ornate altar of the Wu Jian Council.
   704 | D        | Reached skill level 10 in Armour
   704 | D        | Reached skill level 10 in Shields
   713 | D        | Reached skill level 12 in Axes
   757 | D        | Found a basalt altar of Yredelemnul.
   757 | D        | Found a shadowy altar of Dithmenos.
   757 | D        | Found a sacrificial altar of Ru.
   757 | D        | Reached * piety under the Shining One
   762 | D        | Reached ** piety under the Shining One
   943 | D        | Noticed Erica
   965 | D        | Killed Erica
   966 | D        | Reached skill level 13 in Axes
   966 | D        | Reached XP level 9. HP: 25/91 MP: 9/9
  1156 | D        | Found Qokie's Magic Scroll Boutique.
  1162 | D        | Noticed an orc sorcerer
  1163 | D        | Reached *** piety under the Shining One
  1164 | D        | Noticed an orange demon
  1175 | D        | Killed an orc sorcerer
  1180 | D        | Noticed an orc knight
  1203 | D        | Killed an orc knight
  1204 | D        | Reached skill level 14 in Axes
  1209 | D        | Reached **** piety under the Shining One
  1542 | D        | Bought a scroll of enchant weapon for 82 gold pieces
  1542 | D        | Bought a scroll of identify for 22 gold pieces
  1542 | D        | Bought a scroll of identify for 22 gold pieces
  1542 | D        | Bought a scroll of fear for 44 gold pieces
  1542 | D        | Bought a scroll of magic mapping for 82 gold pieces
  1542 | D        | Bought a scroll of poison for 44 gold pieces
  1563 | D        | Noticed a deep elf knight
  1563 | D        | Noticed a deep elf zephyrmancer
  1563 | D        | Noticed a deep elf knight
  1563 | D        | Noticed a deep elf zephyrmancer
  1563 | D        | Noticed a deep elf knight
  1563 | D        | Reached ***** piety under the Shining One
  1580 | D        | Killed a deep elf knight
  1581 | D        | Reached skill level 15 in Axes
  1581 | D        | Reached XP level 10. HP: 44/103 MP: 10/10
  1585 | D        | Killed a deep elf knight
  1586 | D        | Killed from afar by a deep elf zephyrmancer

Illustrated notes

Levels and vault maps discovered:
D:        dungeon_sprint_mu [sprint_mu_entry_forest, sprint_mu_temple_rooms,
          sprint_mu_d1_horrors, sprint_mu_d2_genie, sprint_mu_d3_branching,
          sprint_mu_orc_legion, sprint_mu_elf_gauntlet, sprint_mu_hive_nellie,
          sprint_mu_lair_fedhas, sprint_mu_vaults_butterflies,
          sprint_mu_slime_circle, sprint_mu_shoals_kraken,
          sprint_mu_snake_twists, sprint_mu_blade_basic, sprint_mu_crypt_lich,
          sprint_mu_tomb_spiral, sprint_mu_vestibule_basic,
          sprint_mu_gehenna_hellfire, sprint_mu_dis_giant,
          sprint_mu_tartarus_statrot, sprint_mu_cocytus_islands, sprint_mu_zot1]

Skill      XL: |  1  2  3  4  5  6  7  8  9 10 |
---------------+-------------------------------+-----
Axes           | 4 5 6 9 11 13 15 | 15.4
Fighting       | 5 6 8 9 10 12 14 | 14.4
Armour         | 4 5 6 8 9 11 12 13 | 13.3
Shields        | 4 5 6 8 9 11 12 13 | 13.3

Action                     |  1- 3 |  4- 6 |  7- 9 | 10-12 || total
---------------------------+-------+-------+-------+-------++-------
  Melee: War axe           |    26 |    25 |   100 |     5 ||   156
    Use: Scroll            |       |     2 |     2 |       ||     4
         Potion            |       |     2 |     3 |       ||     5
 Armour: Scale mail        |     6 |     3 |    13 |       ||    22
         Plate armour      |       |       |     2 |     1 ||     3
  Dodge: Dodged            |     7 |     5 |    14 |       ||    26
  Block: Buckler           |     3 |     3 |    20 |       ||    26
